 Dungeon Crawl Stone Soup version 0.28.0 (webtiles) character file.

Game seed: 3195507520804214643

56 Ijustatesigmund the Skirmisher (level 3, -2/24 HPs)
             Began as a Gargoyle Fighter on Feb 11, 2022.
             Slain by a worm (3 damage)
             ... on level 2 of the Dungeon.
             The game lasted 00:00:57 (1275 turns).

Ijustatesigmund the Skirmisher (Gargoyle Fighter)   Turns: 1275, Time: 00:00:57

Health: -2/24      AC: 10    Str: 21    XL:     3   Next: 95%
Magic:  3/3        EV:  9    Int:  8    God:
Gold:   34         SH:  4    Dex:  9    Spells: 2/2 levels left

rFire   . . .      SeeInvis .   a - +0 flail
rCold   . . .      Faith    .   c - +0 buckler
rNeg    + . .      Spirit   .   b - +0 scale mail
rPois   ∞          Reflect  .   (no helmet)
rElec   +          Harm     .   (no cloak)
rCorr   .          Rampage  .   (no gloves)
Will    .....                   (no boots)
Stlth   ..........              (no amulet)
HPRegen 0.08/turn               (no ring)
MPRegen 0.08/turn               (no ring)

@: no status effects
A: sickness immunity, AC +3, negative energy resistance 1, electricity
resistance, torment resistance 1, petrification resistance
a: no special abilities


You were on level 2 of the Dungeon.
You visited 1 branch of the dungeon, and saw 2 of its levels.

You collected 34 gold pieces.

Inventory:

Hand Weapons
 a - a +0 flail (weapon)
Armour
 b - a +0 scale mail (worn)
 c - a +0 buckler (worn)
Scrolls
 f - a scroll of fear {unknown}
 g - 2 scrolls of vulnerability {unknown}
 h - a scroll of identify {unknown}
Potions
 d - a potion of might
 e - a potion of lignification {unknown}


   Skills:
 + Level 4.0 Fighting
 * Level 3.5 Maces & Flails
 - Level 3.2 Armour
 - Level 3.2 Shields


You had 2 spell levels left.
You didn't know any spells.
Your spell library was empty.

Dungeon Overview and Level Annotations

Branches:
Dungeon (2/15)

Altars:


Innate Abilities, Weirdness & Mutations

You are immune to sickness and miasma.
Your stone body is resilient. (AC +3)
You are immune to poison.
You resist negative energy. (rN+)
You are resistant to electric shocks. (rElec)
You are resistant to unholy torment.
You are immune to petrification.


Message History

Terence closely misses you. You block Terence's attack.
You hit Terence.
Terence is almost dead.
Terence hits you but does no damage.
You barely miss Terence.
Terence is almost dead.
Terence hits you but does no damage.
You hit Terence but do no damage.
Terence is almost dead.
Terence hits you with a +0 falchion.
You closely miss Terence.
Terence is almost dead.
Terence hits you with a +0 falchion. x2
You are too injured to fight recklessly!
You are too injured to fight recklessly!
You are too injured to fight recklessly!
You are too injured to fight recklessly!
You are too injured to fight recklessly!
You are too injured to fight recklessly!
You are too injured to fight recklessly!
You are too injured to fight recklessly!
You hit Terence.
You kill Terence!
Your Fighting skill increases to level 4!
You barely miss the worm. The worm barely misses you.
You completely miss the worm. The worm bites you but does no damage.
You hit the worm.
The worm is lightly wounded.
The worm bites you!
* * * LOW HITPOINT WARNING * * *
You sock the worm!
The worm is heavily wounded.
The worm bites you.
* * * LOW HITPOINT WARNING * * *
You hit the worm.
The worm is heavily wounded.
You hit the worm.
The worm is severely wounded.
The worm bites you.
You die...

.. .....# .# # .......#
.#.# # .#..#.##.#. ..
...... .. ... # #.#
#.##.# .# .... #.
#.###.##.##.#..#
##.#.#..........w...##.
.....#.###.....@)......
...#.#....#.####.###.
#.#.#....#...?.
#...............
#.#............#
.##.#.#.#..|.#.......
......).######..##.##
.# .##.#.#.# #..##.# .#
#.#.######..##.# .# #


You could see a worm.

Vanquished Creatures
  Terence (D:2)
  A dart slug (D:1)
  An orc (D:2)
  3 ball pythons (D:1)
  4 bats
  2 endoplasms
  A giant cockroach (D:1)
  5 goblins (D:1)
  4 hobgoblins (D:1)
  A quokka (D:2)
  2 kobolds (D:1)
  3 rats (D:1)
28 creatures vanquished.

Notes
Turn   | Place    | Note
-------+----------+-------------------------------------------
     0 | D:1      | Ijustatesigmund the Gargoyle Fighter began the quest for
                  | the Orb.
     0 | D:1      | Reached XP level 1. HP: 14/14 MP: 1/1
   390 | D:1      | Reached XP level 2. HP: 19/19 MP: 2/2
   880 | D:1      | Reached XP level 3. HP: 24/24 MP: 3/3
  1257 | D:2      | Noticed Terence
  1269 | D:2      | Killed Terence
  1270 | D:2      | Reached skill level 4 in Fighting
  1273 | D:2      | HP: 1/24 [worm (1)]
  1275 | D:2      | Slain by a worm

Illustrated notes

Levels and vault maps discovered:
D:1:      amcnicky_arrival_flooded_fountain, layout_loops_corners,
          kennysheep_boxes
D:2:      layout_basic, uniq_jessica, uniq_terence

Skill      XL: |  1  2  3 |
---------------+----------+-----
Maces & Flails | 3 |  3.5
Fighting       | 4 |  4.0
Armour         | |  3.2
Shields        | |  3.2

Action                   || total
-------------------------++-------
Melee: Flail             ||   107
Armor: Scale mail        ||    47
Dodge: Dodged            ||    53
Block: Buckler           ||    27
